 Dungeon Sprint DCSS version 0.27.0-66-gdc8fb28755 (webtiles) character file.

Game seed: 10801711671535668712

175 styxcanada the Covert (level 5, -1/28 HPs)
             Began as a Spriggan Brigand on Aug 19, 2021.
             Was an Initiate of Gozag.
             Slain by a spriggan (6 damage)
             ... in the Dungeon (Sprint IV: "Fedhas' Mad Dash").
             The game lasted 00:01:48 (277 turns).

styxcanada the Covert (Spriggan Brigand)             Turns: 277, Time: 00:01:50

Health: -1/28      AC:  3    Str:  7    XL:     5   Next: 29%
Magic:  6/6        EV: 19    Int: 12    God:    Gozag
Gold:   86         SH:  0    Dex: 18    Spells: 4/4 levels left

rFire    . . .     SeeInvis +   a - +2 dagger
rCold    . . .     Faith    .   (shield restricted)
rNeg     . . .     Spirit   .   b - +0 robe
rPois    .         Reflect  .   (helmet restricted)
rElec    .         Harm     .   c - +0 cloak
rCorr    .         Rampage  .   (gloves unavailable)
Will     .....     NoTele   +   (boots unavailable)
Stlth    ++++++....             m - amulet of invisibility {+Inv}
HPRegen  0.09/turn              (no ring)
MPRegen  0.10/turn              (no ring)

@: very slightly contaminated, very quick
A: very small, no large weapons, unfitting armour, see invisible, speed 3
a: Renounce Religion, Evoke Invisibility, Potion Petition, Call Merchant, Bribe
Branch


You were in the Dungeon.
You worshipped Gozag.
Gozag was noncommittal.
You visited 1 branch You collected 86 gold pieces.

Inventory:

Hand Weapons
 a - a +2 dagger (weapon)
Missiles
 d - 5 poisoned darts (quivered)
 e - 2 curare-tipped darts
Armour
 b - a +0 robe (worn)
 c - a +0 cloak (worn)
Jewellery
 l - a ring of magical power
 m - the amulet of invisibility (around neck) {+Inv}
   (You found it in the Dungeon)

   [amulet of nothing]

   +Inv:      It lets you turn invisible.
Scrolls
 k - a scroll of blinking
 n - a scroll of torment {unknown}
Potions
 g - a potion of heal wounds
 h - a potion of haste
 i - 2 potions of magic
 j - 2 potions of berserk rage


   Skills:
 * Level 3.3 Fighting
 + Level 3.2 Short Blades
 + Level 3.1 Throwing
 * Level 4.9 Dodging
 * Level 14.1 Stealth
 + Level 1.2 Evocations


You had 4 spell levels left.
You didn't know any spells.
Your spell library was empty.

Dungeon Overview and Level Annotations

Branches:
Dungeon (1/1)

Altars:
Cheibriados
Dithmenos
Elyvilon
Gozag
Hepliaklqana
Kikubaaqudgha
Makhleb
Nemelex Xobeh
Okawaru
Qazlal
Ru
Sif Muna
Trog
Uskayaw
Vehumet
Wu Jian
Xom
Yredelemnul
Zin
The Shining One
Beogh
Jiyva
Lugonu


Innate Abilities, Weirdness & Mutations

You are very small and have problems with some larger weapons.
You are too small for most types of armour.
You have supernaturally acute eyesight. (SInv)
You cover ground extremely quickly. (Speed+++)


Message History

Press: ? - help, Q - select action, (/) - cycle Shift-Dir - straight line, f - scorpion
Aim: a scorpion (wandering, hasn't noticed you, 63% to hit)
You throw a poisoned dart.
The poisoned dart closely misses the scorpion.
The poisoned dart hits the spriggan.
The spriggan is poisoned.
You feel very sick. The scorpion misses you.
You feel sick.
* * * LOW HITPOINT WARNING * * *
You feel sick. The spriggan misses you.
* * * LOW HITPOINT WARNING * * *
You feel sick.
There is an open door here.
* * * LOW HITPOINT WARNING * * *
You feel sick.
* * * LOW HITPOINT WARNING * * *
You feel sick.
You feel better. The spriggan hits you with a +0 dagger.
There is a corrupted altar of Lugonu here.
You flicker back into view.
The spriggan looks more healthy.
There is an ancient bone altar of Kikubaaqudgha here.
There is a viscous altar of Jiyva here.
Throw: 7 darts (poison)
Press: ? - help, Q - select action, (/) - cycle Shift-Dir - straight line, f - spriggan
Aim: a spriggan, wielding a +0 dagger and wearing a +0 robe (36% to hit)
You throw a poisoned dart. The poisoned dart hits the spriggan.
The spriggan closely misses you. The spriggan hits you with a +0 dagger.
* * * LOW HITPOINT WARNING * * *
There is a hazy altar of Hepliaklqana here.
There is an opulent altar of Gozag here.
There is an open door here.
Throw: 6 darts (poison)
Press: ? - help, Q - select action, (/) - cycle Shift-Dir - straight line, f/p - spriggan
Aim: a spriggan, wielding a +0 dagger and wearing a +0 robe (36% to hit)
You throw a poisoned dart.
The poisoned dart closely misses the spriggan.
The spriggan hits you with a +0 dagger.
You die...
Your body crumbles into a pile of gold.

#################################
<†..#....†#.....#i⌠._._._._.⌠.#..
PP..'.....'.#.[.@i._._._._._..'.$
PPPP#...†.#.#...#..._._._._...#..
##############+##.._._._._._..#.[
#._._._._._.⌠.### $
$############### $


$$$$ $ $$ $ You could see 2 spriggans.

Vanquished Creatures
  A scorpion (D)
  3 oklob saplings (D)
  A river rat (D)
  A rat (D)
6 creatures vanquished.

Vanquished Creatures (others)
  A fungus (D)
1 creature vanquished.

Grand Total: 7 creatures vanquished

Notes
Turn   | Place    | Note
-------+----------+-------------------------------------------
     0 | D        | styxcanada the Spriggan Brigand began the quest for the
                  | Orb.
     0 | D        | Reached XP level 1. HP: 10/10 MP: 2/2
     9 | D        | Reached skill level 8 in Stealth
     9 | D        | Reached XP level 2. HP: 15/15 MP: 3/3
    17 | D        | Noticed an oklob sapling
    19 | D        | Killed an oklob sapling
    20 | D        | Reached skill level 10 in Stealth
    20 | D        | Reached XP level 3. HP: 19/19 MP: 4/4
    21 | D        | Found the amulet of invisibility {+Inv}
    21 | D        | Noticed a scorpion
    45 | D        | Killed a scorpion
    46 | D        | Reached skill level 12 in Stealth
    46 | D        | Reached XP level 4. HP: 13/23 MP: 5/5
   195 | D        | Found an opulent altar of Gozag.
   195 | D        | Found a hazy altar of Hepliaklqana.
   195 | D        | Found a burning altar of Makhleb.
   195 | D        | Found a sparkling altar of Nemelex Xobeh.
   195 | D        | Found a snail-covered altar of Cheibriados.
   195 | D        | Found a sacrificial altar of Ru.
   195 | D        | Found a shimmering blue altar of Sif Muna.
   195 | D        | Found a shimmering altar of Xom.
   195 | D        | Found a basalt altar of Yredelemnul.
   196 | D        | Found a viscous altar of Jiyva.
   196 | D        | Found a bloodstained altar of Trog.
   196 | D        | Found an ornate altar of the Wu Jian Council.
   197 | D        | Found an iron altar of Okawaru.
   197 | D        | Found a shadowy altar of Dithmenos.
   197 | D        | Found a glowing silver altar of Zin.
   198 | D        | Found an ancient bone altar of Kikubaaqudgha.
   198 | D        | Found a hide-covered altar of Uskayaw.
   199 | D        | Found a stormy altar of Qazlal.
   199 | D        | Found a white marble altar of Elyvilon.
   199 | D        | Found a glowing golden altar of the Shining One.
   200 | D        | Became a worshipper of Gozag Ym Sagoz the Greedy
   201 | D        | Found a corrupted altar of Lugonu.
   201 | D        | Found a radiant altar of Vehumet.
   205 | D        | Reached skill level 13 in Stealth
   205 | D        | Reached XP level 5. HP: 28/28 MP: 3/6
   250 | D        | Reached skill level 14 in Stealth
   250 | D        | Reached skill level 1 in Evocations
   277 | D        | Slain by a spriggan

Illustrated notes

Levels and vault maps discovered:
D:        dungeon_sprint_fedhas [sprint_temple]

Skill      XL: |  1  2  3  4  5 |
---------------+----------------+-----
Dodging        | 2 3 4 |  4.9
Stealth        | 8 10 12 13 14 | 14.1
Fighting       | 2 3 |  3.3
Short Blades   | 3 |  3.2
Throwing       | 3 |  3.1
Evocations     | 1 |  1.2

Action                   |  1- 3 |  4- 6 || total
-------------------------+-------+-------++-------
Melee: Dagger            |     9 |     3 ||    12
Throw: Dart              |     6 |     3 ||     9
 Abil: Evoke Invisibilit |       |     2 ||     2
  Use: Potion            |       |     1 ||     1
 Stab: Sleeping          |     3 |     2 ||     5
Armor: Robe              |     1 |       ||     1
Dodge: Dodged            |     7 |     5 ||    12
